 Dungeon Crawl Stone Soup version 0.18.1-50-g88ac8fd (webtiles) character file.

551 grisgris the Skirmisher (level 7, -1/44 HPs)
             Began as a Gargoyle Monk on Nov 30, 2016.
             Killed by nerve-wracking pain
             ... invoked by an orc priest
              (12 damage)
             ... on level 4 of the Dungeon.
             The game lasted 00:06:45 (2936 turns).

grisgris the Skirmisher (Gargoyle Monk)             Turns: 2936, Time: 00:06:47

Health: -1/44      AC: 13    Str: 19    XL:     7   Next: 29%
Magic:  7/7        EV: 12    Int: 11    God:
Gold:   227        SH:  3    Dex: 12    Spells: 0 memorised, 6 levels left

rFire  . . .     SeeInvis .     f - +2 mace (crush)
rCold  . . .     Gourm    .     n - +0 ring mail
rNeg   + + .     Faith    .     s - +0 buckler
rPois  ∞         Spirit   .     v - +0 helmet
rElec  +         Dismiss  .     (no cloak)
rCorr  .         Reflect  .     g - +0 pair of gloves
SustAt .         Harm     .     h - +0 pair of boots (curse)
MR     .....                    (no amulet)
Stlth  +.........               q - ring of positive energy
                                a - +3 ring of strength

@: not resistant to hostile enchantments, very unstealthy
A: negative energy resistance 1, electricity resistance, unbreathing,
petrification resistance, rot immunity, AC +4
a: no special abilities


You were on level 4 of the Dungeon.
You were not hungry.

You visited 1 branch of the dungeon, and saw 4 of its levels.

You collected 227 gold pieces.

Inventory:

Hand Weapons
 f - a +2 mace of crushing (weapon)
Armour
 g - a +0 pair of gloves (worn)
 h - a cursed +0 pair of boots (worn)
 n - a +0 ring mail (worn)
 s - a +0 buckler (worn)
 v - a +0 helmet (worn)
Jewellery
 a - a +3 ring of strength (left hand)
 q - a ring of positive energy (right hand)
Wands
 u - a wand of digging (7/24)
 B - a wand of iceblast (12/15)
Scrolls
 c - 2 scrolls of enchant armour {unknown}
 d - a scroll of enchant weapon {unknown}
 e - 3 scrolls of magic mapping {unknown}
 j - 3 scrolls of amnesia {unknown}
 k - a scroll of recharging {unknown}
 m - 2 scrolls of teleportation {unknown}
 p - 2 scrolls of fear {unknown}
 r - a scroll of fog {unknown}
 t - a scroll of immolation {unknown}
 y - 3 scrolls of identify {unknown}
 z - 2 scrolls of blinking {unknown}
Potions
 i - a potion of flight {unknown}
 o - a potion of brilliance {unknown}
 w - a potion of cure mutation {unknown}
 A - a potion of haste {unknown}
 C - a potion of curing
 E - a potion of degeneration {unknown}
Comestibles
 b - a bread ration
 l - 2 meat rations
 x - a beef jerky


   Skills:
 + Level 5.1 Fighting
 + Level 2.6 Maces & Flails
 + Level 2.3 Armour
 + Level 4.8 Dodging
 - Level 2.1 Stealth
 - Level 4.4 Unarmed Combat


You had 6 spell levels left.
You didn't know any spells.

Dungeon Overview and Level Annotations

Branches:
Dungeon (4/15)
 Temple: D:4-7

Altars:
The Shining One


Innate Abilities, Weirdness & Mutations

You are resistant to torment.
Your stone body is resilient (AC +4).
You are immune to poison.
You resist negative energy.
You are resistant to electric shocks.
You can survive without breathing.
You are immune to petrification.
You are immune to rotting.


Message History

It was a potion of curing.
You feel better.
The orc wizard hits you but does no damage.
The orc priest hits you but does no damage.
The orc wizard gestures wildly while chanting.
The orc wizard blinks!
You hit the orc priest.
The orc priest is heavily wounded.
The orc wizard gestures wildly while chanting.
The orc wizard seems to speed up.
The orc priest hits you but does no damage.
The orc wizard hits you with a dagger.
* * * LOW HITPOINT WARNING * * *
You hit the orc priest.
The orc priest is severely wounded.
The orc wizard points at you and mumbles some strange words.
The magic dart hits you!
* * * LOW HITPOINT WARNING * * *
The orc priest calls down the wrath of Beogh upon you.
Pain shoots through your body!
You die...

######....#
....##....## ########
...........#####......#
######.........#......#
####.o....#(.....#
###......#...)..#####
#........#......'....
##.oo§...#......####.
######.#@#####.######
#. #<...#.#.# #.# #.
####.#.#.# #.# #.
######.#.#(# #.# #.
#......#.#.# #.# #.
#.######.#.# #.# #. #.#
#.#.# #.# #. #.# #.#.#
#.# #. #.######.#.# #.#
#.


You could see an orc priest and 2 orc wizards.

Vanquished Creatures
  Grinder (D:3)
  A hound (D:4)
  Natasha (thrice) (D:3)
  2 worker ants (D:4)
  Ijyb (D:3)
  6 adders
  2 oozes (D:2)
  5 worms
  5 giant geckos
  10 orcs
  A ball python (D:1)
  9 bats
  4 giant cockroaches
  7 goblins
  6 hobgoblins
  3 jackals (D:2)
  A quokka (D:3)
  15 giant newts
  5 kobolds
  6 rats
93 creatures vanquished.

Notes
Turn   | Place    | Note
--------------------------------------------------------------
     0 | D:1      | grisgris the Gargoyle Monk began the quest for the Orb.
     0 | D:1      | Reached XP level 1. HP: 14/14 MP: 1/1
   215 | D:1      | Reached XP level 2. HP: 19/19 MP: 2/2
   549 | D:1      | Reached XP level 3. HP: 23/23 MP: 3/3
   844 | D:2      | Reached XP level 4. HP: 24/29 MP: 4/4
   943 | D:2      | Reached skill level 1 in Maces & Flails
  1239 | D:3      | Noticed Ijyb
  1251 | D:3      | Killed Ijyb
  1251 | D:3      | Reached skill level 4 in Fighting
  1251 | D:3      | Reached XP level 5. HP: 33/33 MP: 5/5
  1347 | D:3      | Noticed Natasha
  1372 | D:3      | Killed Natasha
  1416 | D:3      | Noticed Natasha
  1427 | D:3      | Killed Natasha
  1572 | D:3      | Noticed Natasha
  1580 | D:3      | Killed Natasha
  1723 | D:3      | Noticed Grinder
  1737 | D:3      | Killed Grinder
  1737 | D:3      | Reached skill level 1 in Armour
  1737 | D:3      | Reached XP level 6. HP: 14/40 MP: 6/6
  1970 | D:3      | Reached XP level 7. HP: 44/44 MP: 7/7
  2158 | D:3      | Reached skill level 5 in Fighting
  2695 | D:4      | Found a glowing golden altar of the Shining One.
  2936 | D:4      | Killed from afar by an orc priest

Skill      XL: |  1  2  3  4  5  6  7 |
---------------+----------------------+-----
Dodging        | 3 4 |  4.8
Maces & Flails | 1 2 |  2.6
Fighting       | 4 5 |  5.1
Armour         | 1 2 |  2.3
Stealth        | |  2.1
Unarmed Combat | |  4.4

Action                   |  1- 3 |  4- 6 |  7- 9 || total
-------------------------+-------+-------+-------++-------
Melee: Mace              |   100 |   109 |    64 ||   273
       Unarmed           |     3 |       |       ||     3
       Punch             |       |     1 |       ||     1
  Use: Potion            |       |       |     1 ||     1
 Stab: Sleeping          |     4 |       |     1 ||     5
  Eat: Chunk             |       |     4 |     3 ||     7
Armor: Robe              |    42 |     3 |       ||    45
       Ring mail         |       |    65 |    19 ||    84
Dodge: Dodged            |    96 |    79 |    41 ||   216
Block: Buckler           |       |     7 |     6 ||    13
